 Dungeon Crawl Stone Soup version 0.30.1 (webtiles) character file.

Game seed: 16864789935611010179

3 Arctor the Insei (level 1, -1/13 HPs)
             Began as an Octopode Transmuter on July 13, 2023.
             Slain by a gnoll
             ... wielding a +0 whip
              (7 damage)
             ... on level 1 of the Dungeon.
             The game lasted 00:00:08 (237 turns).

Arctor the Insei (Octopode Transmuter)               Turns: 237, Time: 00:00:08

Health: -1/13      AC:  1    Str:  9    XL:     1   Next: 50%
Magic:  2/3        EV: 13    Int: 15    God:
Gold:   14         SH:  0    Dex: 12    Spells: 3/4 levels left

rFire   . .          .
                       - Unarmed
rCold   . . .        (no shield)
rNeg    . . .        (helmet currently unavailable)
rPois   .            (no amulet)
rElec   .            (no ring)
rCorr   .            (no ring)
SInv    .            (no ring)
Will    .....        (no ring)
Stlth   ++           (no ring)
HPRegen 0.22/turn    (no ring)
MPRegen 0.08/turn    (no ring)
                     (no ring)

%: no passive effects
@: appendages
A: tentacle spike 3, almost no armour, amphibious, 8 rings, camouflage 1,
gelatinous body 1, (nimble swimmer 1), tentacles
a: End Transformation


You were on level 1 of the Dungeon.
One of your tentacles had grown a beastly spike.
You visited 1 branch of the dungeon, and saw 1 of its levels.

You collected 14 gold pieces.

Inventory:

Scrolls
 b - a scroll of torment {unknown}
 c - a scroll of butterflies {unknown}
 d - a scroll of identify {unknown}
 e - a scroll of fear {unknown}
Potions
 a - a potion of lignification


   Skills:
 + Level 1.1 Fighting
 + Level 2.0 Dodging
 + Level 3.0 Unarmed Combat
 + Level 2.0 Spellcasting
 + Level 2.0 Transmutations


You had 3 spell levels left.
You knew the following spells:

 Your Spells              Type           Power      Damage    Failure   Level
a - Beastly Appendage     Tmut           14%        N/A       10%         1

Your spell library contained the following spells:

 Spells                   Type           Power      Damage    Failure   Level
 Wereblood                Tmut           7%         N/A       14%         2
 Apportation              Tloc           2%         N/A       22%         1
 Necrotise                Necr           4%         1d4       22%         1
 Summon Small Mammal      Summ           4%         N/A       22%         1
 Spider Form              Tmut/Pois      4%         N/A       41%         3
 Ice Form                 Ice/Tmut       4%         N/A       82%         4


Dungeon Overview and Level Annotations

Branches:
Dungeon (1/15)

Altars:


Innate Abilities, Weirdness & Mutations

One of your tentacles has grown a beastly spike.
You cannot wear most types of armour.
You are amphibious.
You can wear up to eight rings at the same time.
Your skin changes colour to match your surroundings (Stealth+).
Your rubbery body absorbs attacks. (AC +1, EV +1)
((You are camouflaged when in or above water. (Stealth+)))
You have tentacles for arms and can constrict up to eight enemies at once.


Message History

You now have 14 gold pieces (gained 9).
A giant cockroach comes into view.
A giant cockroach is nearby!
A giant cockroach is nearby!
A giant cockroach is nearby!
One of your tentacles grows a vicious spike.
You tentacle-slap the giant cockroach but do no damage.
You grab the giant cockroach.
Your transformation is almost over.
You constrict the giant cockroach, but do no damage.
The giant cockroach bites you.
You tentacle-slap the giant cockroach.
You pierce the giant cockroach, but do no damage.
The giant cockroach is heavily wounded.
You constrict the giant cockroach.
You kill the giant cockroach!
No target in view!
Your tentacle spike disappears.
e - a scroll labelled XABRAG VIPAME You open the door.
A gnoll comes into view. It is wielding a +0 whip.
There is an open door here.
A gnoll is nearby!
The gnoll shouts!
A gnoll is nearby!
One of your tentacles grows a vicious spike.
The gnoll hits you with a +0 whip!
Ouch! That really hurt!
You are too injured to fight recklessly!
You are too injured to fight recklessly!
A gnoll is nearby!
You are too injured to fight recklessly!
You are too injured to fight recklessly!
Unknown command.
You closely miss the gnoll. You grab the gnoll.
You pierce the gnoll, but do no damage.
You constrict the gnoll, but do no damage.
The gnoll hits you with a +0 whip!
Ouch! That really hurt!
You die...

########
#......######
+......'....+
#......#...##
#......#...#
#......#@..#
#......#g..#
#......#...#
#########......#...#
.......#.......#####
..####...####### .##
##..# .# #..#####
.## #......#


You could see a gnoll.

Vanquished Creatures
  A giant cockroach (D:1)
  2 goblins (D:1)
3 creatures vanquished.

Notes
Turn   | Place    | Note
-------+----------+-------------------------------------------
     0 | D:1      | Arctor the Octopode Transmuter began the quest for the Orb.
     0 | D:1      | Reached XP level 1. HP: 13/13 MP: 3/3
   237 | D:1      | Slain by a gnoll

Illustrated notes

Levels and vault maps discovered:
D:1:      dpeg_arrival_pits, layout_basic, minmay_ruptured

Action                     || total
---------------------------++-------
  Melee: Unarmed           ||     6
         Constrict         ||     3
         Kick              ||     3
   Cast: Beastly Appendage ||     7
  Dodge: Dodged            ||     3
